TOP OF THE 1ST |
St. Louis Browns batting - Pitching for Kansas City Kings : RHP Carlos Pacheco
|
Pitching: RHP Carlos Pacheco
|
|
Batting: SHB Ryobe Yamamoto
|
0-0: Ball 1-0: Foul Ball, location: 2F 1-1: Ball 2-1: SINGLE (Line Drive, 34D)
|
Batting: LHB Mike Hill
|
0-0: Ball 1-0: Ball 2-0: 2-RUN HOME RUN (Flyball, 9D), Distance : 395 ft
|
Batting: LHB Jorge Torres
|
0-0: Ball 1-0: Ball 2-0: DOUBLE (Flyball, 7LM)
|
Batting: LHB Robin Hill
|
0-0: Ball 1-0: Ball 2-0: Foul Ball, location: 2F 2-1: DOUBLE (Line Drive, 9LM) Jorge Torres scores
|
Batting: LHB Stan Hickman
|
0-0: Swinging Strike 0-1: Ball 1-1: Swinging Strike 1-2: Ball 2-2: Foul Ball, location: 2F 2-2: Fly out, F7 (Flyball, 7LSF)
|
Batting: RHB Anthony Rucker
|
0-0: Swinging Strike 0-1: Ball 1-1: Ball 2-1: Ball 3-1: Base on Balls
|
Batting: RHB José Flores
|
0-0: Called Strike 0-1: Ball 1-1: Swinging Strike 1-2: Ball 2-2: Strikes out looking
|
Batting: RHB Adrian Prouse
|
0-0: Ball 1-0: SINGLE (Line Drive, 8RS) Robin Hill to third Anthony Rucker to second Runner from 3rd tries for Home, SAFE, no throw
|
Batting: LHB Junior Coates
|
0-0: Ball 1-0: Ball 2-0: Foul Ball, location: 2F 2-1: Swinging Strike 2-2: Ground out U3 (Groundball, 3)
|
Top of the 1st over - 4 run(s), 5 hit(s), 0 error(s), 2 left on base; St. Louis 4 - Kansas City 0 |
BOTTOM OF THE 1ST |
Kansas City Kings batting - Pitching for St. Louis Browns : RHP Aaron Palmer
|
Pitching: RHP Aaron Palmer
|
|
Batting: RHB Chris Chandler
|
0-0: Called Strike 0-1: Ball 1-1: Ball 2-1: Ball 3-1: Foul Ball, location: 2F 3-2: Fly out, F8 (Flyball, 8LM)
|
Batting: LHB Luis González
|
0-0: Called Strike 0-1: Ball 1-1: Foul Ball, location: 2F 1-2: Fly out, F9 (Flyball, 9S)
|
Batting: LHB Brian Boone
|
0-0: Called Strike 0-1: Swinging Strike 0-2: Ball 1-2: Ground out 3-1 (Groundball, 34)
|
Bottom of the 1st over - 0 run(s), 0 hit(s), 0 error(s), 0 left on base; St. Louis 4 - Kansas City 0 |
TOP OF THE 2ND |
St. Louis Browns batting - Pitching for Kansas City Kings : RHP Carlos Pacheco
|
Batting: SHB Ryobe Yamamoto
|
0-0: Ball 1-0: Fly out, F5 (Line Drive, 56)
|
Batting: LHB Mike Hill
|
0-0: DOUBLE (Line Drive, 7LS)
|
Batting: LHB Jorge Torres
|
0-0: Ball 1-0: Ball 2-0: Called Strike 2-1: Ball 3-1: Fly out, F4 (Popup, 4S)
|
Batting: LHB Robin Hill
|
0-0: Called Strike 0-1: Called Strike 0-2: Ball 1-2: Ball 2-2: Ball 3-2: Base on Balls
|
Batting: LHB Stan Hickman
|
0-0: Called Strike 0-1: Foul Ball, location: 2F 0-2: Foul Ball, location: 2F 0-2: Ball 1-2: Ball 2-2: Foul Ball, location: 2F 2-2: Ball 3-2: Foul Ball, location: 2F 3-2: Ground out 4-3 (Groundball, 4MD)
|
Top of the 2nd over - 0 run(s), 1 hit(s), 0 error(s), 2 left on base; St. Louis 4 - Kansas City 0 |
BOTTOM OF THE 2ND |
Kansas City Kings batting - Pitching for St. Louis Browns : RHP Aaron Palmer
|
Batting: RHB Toshimichi Kono
|
0-0: Reached on error, E6 (Groundball, 6)
|
Batting: SHB Douglas Taylor
|
0-0: Foul Ball, location: 2F 0-1: Called Strike 0-2: Strikes out swinging
|
Batting: RHB Dave Parker
|
0-0: Ball 1-0: Ball 2-0: Ball 3-0: Fly out, F8 (Flyball, 78M)
|
Batting: LHB Bruno Lalonde
|
0-0: Ball 1-0: Ball 2-0: Ball 3-0: Called Strike 3-1: Foul Ball, location: 2F 3-2: Base on Balls Toshimichi Kono to second
|
Batting: SHB António De La Cruz
|
0-0: Ball 1-0: Ground out 5-3 (Groundball, 56S)
|
Bottom of the 2nd over - 0 run(s), 0 hit(s), 1 error(s), 2 left on base; St. Louis 4 - Kansas City 0 |
TOP OF THE 3RD |
St. Louis Browns batting - Pitching for Kansas City Kings : RHP Carlos Pacheco
|
Batting: RHB Anthony Rucker
|
0-0: Called Strike 0-1: Called Strike 0-2: Foul Ball, location: 2F 0-2: Fly out, F9 (Flyball, 9LS)
|
Batting: RHB José Flores
|
0-0: Ground out 6-3 (Groundball, 6)
|
Batting: RHB Adrian Prouse
|
0-0: Called Strike 0-1: Ball 1-1: Ball 2-1: Fly out, F8 (Flyball, 8RS)
|
Top of the 3rd over - 0 run(s), 0 hit(s), 0 error(s), 0 left on base; St. Louis 4 - Kansas City 0 |
BOTTOM OF THE 3RD |
Kansas City Kings batting - Pitching for St. Louis Browns : RHP Aaron Palmer
|
Batting: RHB Tony Quinn
|
0-0: Called Strike 0-1: Called Strike 0-2: Ball 1-2: Ball 2-2: Ground out 4-3 (Groundball, 4)
|
Batting: RHB Chris Chandler
|
0-0: Ground out 6-3 (Groundball, 56)
|
Batting: LHB Luis González
|
0-0: Ball 1-0: Swinging Strike 1-1: Ball 2-1: Ball 3-1: Called Strike 3-2: Foul Ball, location: 2F 3-2: SOLO HOME RUN (Flyball, 89XD), Distance : 393 ft
|
Batting: LHB Brian Boone
|
0-0: Called Strike 0-1: Ground out 6-3 (Groundball, 6MS)
|
Bottom of the 3rd over - 1 run(s), 1 hit(s), 0 error(s), 0 left on base; St. Louis 4 - Kansas City 1 |
TOP OF THE 4TH |
St. Louis Browns batting - Pitching for Kansas City Kings : RHP Carlos Pacheco
|
Batting: LHB Junior Coates
|
0-0: Called Strike 0-1: Ground out U3 (Groundball, 34)
|
Batting: SHB Ryobe Yamamoto
|
0-0: Ball 1-0: SINGLE (Line Drive, 6)
|
Batting: LHB Mike Hill
|
0-0: Ball 1-0: Fielders Choice at 2nd, 4-6 (Groundball, 34D)
|
Batting: LHB Jorge Torres
|
0-0: Ball 1-0: Fly out, F8 (Flyball, 78D)
|
Top of the 4th over - 0 run(s), 1 hit(s), 0 error(s), 1 left on base; St. Louis 4 - Kansas City 1 |
BOTTOM OF THE 4TH |
Kansas City Kings batting - Pitching for St. Louis Browns : RHP Aaron Palmer
|
Batting: RHB Toshimichi Kono
|
0-0: Called Strike 0-1: Called Strike 0-2: Ball 1-2: Ball 2-2: Strikes out looking
|
Batting: SHB Douglas Taylor
|
0-0: Called Strike 0-1: SINGLE (Groundball, 4MD)
|
Batting: RHB Dave Parker
|
0-0: Swinging Strike 0-1: Called Strike 0-2: Ball 1-2: Foul Ball, location: 2F 1-2: Ball Douglas Taylor is caught stealing 2nd base 2-2: Strikes out swinging
|
Bottom of the 4th over - 0 run(s), 1 hit(s), 0 error(s), 0 left on base; St. Louis 4 - Kansas City 1 |
TOP OF THE 5TH |
St. Louis Browns batting - Pitching for Kansas City Kings : RHP Carlos Pacheco
|
Batting: LHB Robin Hill
|
0-0: Called Strike 0-1: Called Strike 0-2: Foul Ball, location: 2F 0-2: Ball 1-2: Ball 2-2: Fly out, F9 (Flyball, 89D)
|
Batting: LHB Stan Hickman
|
0-0: Ball 1-0: Swinging Strike 1-1: Ball 2-1: Foul Ball, location: 2F 2-2: Strikes out swinging
|
Batting: RHB Anthony Rucker
|
0-0: Called Strike 0-1: Swinging Strike 0-2: Foul Ball, location: 2F 0-2: Ball 1-2: Foul Ball, location: 2F 1-2: Strikes out looking
|
Top of the 5th over - 0 run(s), 0 hit(s), 0 error(s), 0 left on base; St. Louis 4 - Kansas City 1 |
BOTTOM OF THE 5TH |
Kansas City Kings batting - Pitching for St. Louis Browns : RHP Aaron Palmer
|
Batting: LHB Bruno Lalonde
|
0-0: Called Strike 0-1: Ball 1-1: Ball 2-1: Fly out, F7 (Flyball, 7LDF)
|
Batting: SHB António De La Cruz
|
0-0: Ball 1-0: Ball 2-0: Ball 3-0: Called Strike 3-1: Foul Ball, location: 2F 3-2: Ground out 4-3 (Groundball, 4S)
|
Batting: RHB Tony Quinn
|
0-0: Ball 1-0: Swinging Strike 1-1: Foul Ball, location: 2F 1-2: Hit by Pitch
|
Batting: RHB Chris Chandler
|
0-0: Foul Ball, location: 2F 0-1: Ball 1-1: Called Strike 1-2: Ball 2-2: SINGLE (Flyball, 9S) Tony Quinn to second Runner from 2nd tries for 3rd, SAFE, no throw
|
Batting: LHB Luis González
|
0-0: Ball 1-0: Foul Ball, location: 2F 1-1: Ball 2-1: Ball 3-1: Called Strike 3-2: Foul Ball, location: 2F 3-2: Fly out, F9 (Flyball, 89D)
|
Bottom of the 5th over - 0 run(s), 1 hit(s), 0 error(s), 2 left on base; St. Louis 4 - Kansas City 1 |
TOP OF THE 6TH |
St. Louis Browns batting - Pitching for Kansas City Kings : RHP Carlos Pacheco
|
Pitching: RHP Mike Hodges
|
|
Batting: RHB José Flores
|
0-0: Ball 1-0: Called Strike 1-1: Ball 2-1: Foul Ball, location: 2F 2-2: Ground out 5-3 (Groundball, 56S)
|
Batting: RHB Adrian Prouse
|
0-0: Ball 1-0: Swinging Strike 1-1: Fly out, F8 (Line Drive, 8LXD)
|
Batting: LHB Junior Coates
|
0-0: SINGLE (Line Drive, 89S)
|
Batting: SHB Ryobe Yamamoto
|
0-0: Foul Ball, location: 2F 0-1: Ball 1-1: Ball 2-1: Ground out 1-3 (Groundball, 13S)
|
Top of the 6th over - 0 run(s), 1 hit(s), 0 error(s), 1 left on base; St. Louis 4 - Kansas City 1 |
BOTTOM OF THE 6TH |
Kansas City Kings batting - Pitching for St. Louis Browns : RHP Aaron Palmer
|
Batting: LHB Brian Boone
|
0-0: Ball 1-0: Swinging Strike 1-1: Ball 2-1: Ball 3-1: Fly out, F7 (Flyball, 7LD)
|
Batting: RHB Toshimichi Kono
|
0-0: Called Strike 0-1: Swinging Strike 0-2: Ball 1-2: Ball 2-2: Foul Ball, location: 2F 2-2: Strikes out swinging
|
Batting: SHB Douglas Taylor
|
0-0: Swinging Strike 0-1: Ball 1-1: Ball 2-1: Ball 3-1: Base on Balls
|
Batting: RHB Dave Parker
|
0-0: Called Strike Douglas Taylor is caught stealing 2nd base
|
Bottom of the 6th over - 0 run(s), 0 hit(s), 0 error(s), 0 left on base; St. Louis 4 - Kansas City 1 |
TOP OF THE 7TH |
St. Louis Browns batting - Pitching for Kansas City Kings : RHP Mike Hodges
|
Batting: LHB Mike Hill
|
0-0: Called Strike 0-1: Ball 1-1: Foul Ball, location: 2F 1-2: Foul Ball, location: 2F 1-2: Ball 2-2: Foul Ball, location: 2F 2-2: Ball 3-2: Fly out, F7 (Flyball, 7S)
|
Batting: LHB Jorge Torres
|
0-0: SINGLE (Groundball, 4MD)
|
Batting: LHB Robin Hill
|
0-0: Ball 1-0: Called Strike 1-1: Foul Ball, location: 2F 1-2: Foul Ball, location: 2F 1-2: Foul Ball, location: 2F 1-2: Ball 2-2: Grounds into double play, 6-4-3 (Groundball, 6)
|
Top of the 7th over - 0 run(s), 1 hit(s), 0 error(s), 0 left on base; St. Louis 4 - Kansas City 1 |
BOTTOM OF THE 7TH |
Kansas City Kings batting - Pitching for St. Louis Browns : RHP Aaron Palmer
|
Pitching: RHP Ramón Silva
|
|
Batting: RHB Dave Parker
|
0-0: Ball 1-0: Foul Ball, location: 2F 1-1: Called Strike 1-2: Strikes out swinging
|
Batting: LHB Bruno Lalonde
|
0-0: Ball 1-0: Called Strike 1-1: Foul Ball, location: 2F 1-2: Ground out U3 (Groundball, 3)
|
Batting: SHB António De La Cruz
|
0-0: Ball 1-0: Foul Ball, location: 2F 1-1: Swinging Strike 1-2: Foul Ball, location: 2F 1-2: Ball 2-2: Foul Ball, location: 2F 2-2: Strikes out swinging
|
Bottom of the 7th over - 0 run(s), 0 hit(s), 0 error(s), 0 left on base; St. Louis 4 - Kansas City 1 |
TOP OF THE 8TH |
St. Louis Browns batting - Pitching for Kansas City Kings : RHP Mike Hodges
|
Batting: LHB Stan Hickman
|
0-0: Called Strike 0-1: Called Strike 0-2: Ball 1-2: SINGLE (Line Drive, 6MD)
|
Batting: RHB Anthony Rucker
|
0-0: Bunted foul 0-1: Sac Bunt - play at first, batter OUT! 3-4 Stan Hickman to second
|
Batting: RHB José Flores
|
0-0: Fly out, F9 (Flyball, 9LS)
|
Batting: RHB Adrian Prouse
|
0-0: Called Strike 0-1: Ball 1-1: Ball 2-1: Fly out, F6 (Popup, 6MD)
|
Top of the 8th over - 0 run(s), 1 hit(s), 0 error(s), 1 left on base; St. Louis 4 - Kansas City 1 |
BOTTOM OF THE 8TH |
Kansas City Kings batting - Pitching for St. Louis Browns : RHP Ramón Silva
|
Batting: RHB Tony Quinn
|
0-0: Ball 1-0: Called Strike 1-1: Called Strike 1-2: Foul Ball, location: 2F 1-2: Ball 2-2: Strikes out swinging
|
Batting: RHB Chris Chandler
|
0-0: Ball 1-0: Ball 2-0: Ball 3-0: Base on Balls
|
Pitching: LHP Santiago Valentín
|
|
Batting: LHB Luis González
|
0-0: Called Strike 0-1: Ball 1-1: Ball 2-1: SINGLE (Groundball, 4MD) Chris Chandler to second Runner from 2nd tries for 3rd, SAFE, throw made to third
|
Batting: LHB Brian Boone
|
0-0: Foul Ball, location: 2F 0-1: Swinging Strike 0-2: Strikes out swinging
|
Pitching: RHP Beau Brown
|
|
Batting: RHB Toshimichi Kono
|
0-0: Fielders Choice at 2nd, 5-4 (Groundball, 56)
|
Bottom of the 8th over - 0 run(s), 1 hit(s), 0 error(s), 1 left on base; St. Louis 4 - Kansas City 1 |
TOP OF THE 9TH |
St. Louis Browns batting - Pitching for Kansas City Kings : RHP Mike Hodges
|
Batting: LHB Junior Coates
|
0-0: Ball 1-0: Ground out 3-1 (Groundball, 34)
|
Batting: SHB Ryobe Yamamoto
|
0-0: Called Strike 0-1: Swinging Strike 0-2: Ball 1-2: Ground out 5-3 (Groundball, 5D)
|
Batting: LHB Mike Hill
|
0-0: Ground out 4-3 (Groundball, 34)
|
Top of the 9th over - 0 run(s), 0 hit(s), 0 error(s), 0 left on base; St. Louis 4 - Kansas City 1 |
BOTTOM OF THE 9TH |
Kansas City Kings batting - Pitching for St. Louis Browns : RHP Beau Brown
|
Pitching: LHP Brent Miller
|
|
Batting: SHB Douglas Taylor
|
0-0: Ball 1-0: Ball 2-0: Called Strike 2-1: Ground out 4-3 (Groundball, 4)
|
Batting: RHB Dave Parker
|
0-0: Ball 1-0: Fly out, F9 (Line Drive, 9D)
|
Now in RF: Pepe Vázquez
|
|
Batting: LHB Bruno Lalonde
|
0-0: DOUBLE (Line Drive, 9LM)
|
Batting: SHB António De La Cruz
|
0-0: Called Strike 0-1: Swinging Strike 0-2: Foul Ball, location: 2F 0-2: Strikes out swinging
|
Bottom of the 9th over - 0 run(s), 1 hit(s), 0 error(s), 1 left on base; St. Louis 4 - Kansas City 1 |
|